Map: Ulrena

Players

Gorgoliano - Winner!

  • Race: Protoss Protoss
  • League: Silver
  • Spawn Location: 11:00

zidar

  • Race: Zerg Zerg
  • League: Gold
  • Spawn Location: 7:00

VOD

Have the link to the VOD?

Description

Time

  • Played on: May 22, 2016, 10:59 a.m.
  • Length: 17:22
Show
View Real Time Build Order
Export as new Build Order

Gorgoliano Protoss - Winner!

Build Orders: Phoenix Opening 

Get SALT Encoding   

  12  0:03  Probe (Chrono Boost)  
  13  0:16  Probe (Chrono Boost)  
  14  0:33  Probe (Chrono Boost)  
  15  0:38  Assimilator, Pylon  
  15  0:43  Assimilator  
  15  0:59  Gateway  
  15  1:04  Forge  
  15  1:09  Probe (Chrono Boost)  
  16  1:20  Probe (Chrono Boost)  
  16  1:25  Pylon  
  17  1:30  Probe (Chrono Boost)  
  18  1:42  Photon Cannon  
  18  1:45  Probe (Chrono Boost)  
  19  1:55  Probe (Chrono Boost)  
  19  2:01  Pylon  
  20  2:03  Pylon  
  20  2:06  Probe (Chrono Boost)  
  21  2:23  Photon Cannon  
  21  2:32  Probe (Chrono Boost)  
  21  2:33  Cybernetics Core  
  22  2:43  Probe (Chrono Boost)  
  23  2:48  Photon Cannon  
  23  3:11  Stargate  
  25  3:13  Mothership Core (Chrono Boost)  
  25  3:21  Pylon  
  25  3:37  Nexus  
  25  3:43  Assimilator  
  25  3:54  Phoenix (Chrono Boost)  
  27  4:01  Protoss Air Weapons Level 1 (Chrono Boost)  
  27  4:05  Protoss Shields Level 1  
  27  4:19  Probe  
  28  4:31  Probe  
  28  4:32  Photon Cannon  
  29  4:39  Assimilator  
  29  4:43  Probe  
  30  4:46  Void Ray (Chrono Boost)  
  34  5:06  Probe  
  35  5:17  Probe  
  36  5:24  Photon Cannon  
  36  5:27  Probe  
  36  5:30  Photon Cannon  
  37  5:38  Probe  
  38  5:44  Void Ray (Chrono Boost)  
  38  5:48  Probe  
  42  5:50  Protoss Air Armor Level 1 (Chrono Boost)  
  42  5:51  Stargate  
  43  5:57  Probe  
  43  5:59  Probe  
  45  6:10  Probe x2  
  47  6:22  Void Ray  
  51  6:29  Twilight Council  
  51  6:38  Pylon  
  51  6:39  Void Ray  
  55  6:44  Probe  
  56  6:55  Probe  
  57  7:08  Void Ray  
  61  7:19  Protoss Shields Level 2 (Chrono Boost)  
  61  7:29  Pylon  
  61  7:33  Probe  
  62  7:39  Void Ray  
  66  7:45  Probe  
  67  7:56  Stargate  
  67  7:57  Probe  
  67  7:58  Probe  
  69  8:02  Void Ray  
  73  8:10  Fleet Beacon, Probe  
  74  8:22  Probe  
  75  8:34  Photon Cannon  
  75  8:39  Pylon  
  75  8:52  Protoss Air Weapons Level 2 (Chrono Boost)  
  75  8:53  Graviton Catapult (Chrono Boost)  
  75  8:55  Robotics Facility  
  75  9:01  Stargate  
  75  9:02  Protoss Shields Level 3 (Chrono Boost)  
  75  9:04  Pylon  
  75  9:08  Pylon  
  81  9:42  Warp Prism  
  83  9:57  Carrier  
  89  10:20  Pylon  
  89  10:31  Carrier  
  89  10:46  Nexus  
  89  10:51  Assimilator  
  89  10:55  Assimilator  
  89  10:58  Pylon  
  62  12:04  Gateway, Probe  
  60  12:15  Probe  
  53  13:28  Cybernetics Core  
  53  14:10  Stargate  
  53  14:17  Pylon  
  53  14:22  Pylon  
  53  14:42  Pylon  
  53  14:49  Pylon  
  53  15:05  Probe  
  53  15:14  Pylon  
  54  15:16  Probe  
  55  15:27  Pylon  
  55  15:30  Probe  
  55  15:31  Void Ray  
  60  15:37  Pylon  
  60  15:58  Mothership Core  
  62  16:12  Pylon  
  62  16:17  Void Ray  
  62  16:18  Probe  
  67  16:26  Stargate  
  67  16:28  Probe  
  68  16:39  Probe  
Show
View Real Time Build Order
Export as new Build Order

zidar Zerg 

Build Orders: Hatch First 

Get SALT Encoding   

  12  0:01  Drone  
  13  0:12  Overlord  
  13  0:17  Drone  
  14  0:31  Drone x2  
  14  0:34  Drone  
  17  0:56  Hatchery  
  17  0:57  Drone  
  17  1:13  Spawning Pool  
  17  1:15  Drone  
  17  1:21  Extractor  
  16  1:27  Drone  
  16  1:28  Drone  
  18  1:44  Drone x2  
  19  1:59  Hatchery  
  19  2:00  Drone  
  19  2:16  Queen  
  19  2:19  Queen  
  23  2:26  Drone x2  
  25  2:38  Roach Warren  
  25  2:39  Drone  
  25  2:49  Metabolic Boost  
  25  2:52  Drone  
  26  3:04  Extractor  
  26  3:05  Drone x3  
  28  3:06  Overlord  
  28  3:22  Spore Crawler  
  28  3:26  Spore Crawler  
  26  3:28  Drone x2  
  26  3:32  Queen  
  30  3:37  Zergling x4  
  32  3:51  Pneumatized Carapace  
  32  3:55  Lair  
  32  3:56  Drone  
  32  3:57  Drone  
  32  4:01  Drone  
  35  4:13  Drone  
  35  4:14  Drone x3  
  39  4:30  Spore Crawler  
  38  5:03  Hydralisk Den  
  38  5:06  Extractor  
  36  5:07  Extractor  
  35  5:21  Overlord x2  
  35  5:22  Overlord  
  35  5:34  Overlord x3  
  35  5:39  Queen, Drone x6  
  35  5:40  Drone  
  35  5:41  Drone  
  47  5:56  Muscular Augments  
  47  5:59  Hydralisk  
  49  6:06  Drone x3  
  52  6:14  Queen  
  52  6:16  Drone x8  
  60  6:26  Hydralisk  
  60  6:27  Hydralisk x3  
  68  6:33  Queen  
  68  6:39  Infestation Pit  
  69  6:44  Evolution Chamber  
  69  6:46  Evolution Chamber, Drone  
  69  6:47  Drone x2  
  70  6:57  Drone x6  
  76  7:14  Zergling x2  
  76  7:15  Zergling x10  
  82  7:24  Zerg Missile Weapons Level 1  
  82  7:25  Zerg Ground Armor Level 1  
  82  7:34  Overlord x3  
  82  8:01  Hydralisk  
  82  8:02  Hydralisk x11  
  106  8:26  Overlord x5  
  106  8:49  Hive  
  106  8:58  Zergling x2  
  106  8:59  Zergling x24  
  106  9:02  Hydralisk x2  
  123  9:15  Extractor x2  
  121  9:30  Zerg Ground Armor Level 2  
  121  9:31  Zerg Missile Weapons Level 2  
  121  9:37  Hydralisk x9  
  139  9:40  Glial Reconstitution  
  139  9:49  Hatchery  
  138  10:06  Extractor  
  137  10:09  Hydralisk x4  
  137  10:13  Overlord x3  
  145  10:14  Overlord x2  
  145  10:15  Overlord  
  145  10:25  Lurker Den  
  145  10:49  Hydralisk  
  145  10:50  Hydralisk x10  
  123  11:33  Hydralisk  
  123  11:34  Hydralisk x8  
  131  12:08  Overlord x4  
  131  12:09  Overlord x5  
  131  12:48  Hatchery  
  131  12:50  Hydralisk  
  131  12:51  Hydralisk x5  
  113  14:22  Spawning Pool  
  105  15:03  Evolution Chamber  
  104  15:22  Overlord  
  104  15:23  Overlord x2  
Tags
 
Add a new tag
Caveats
  • Supply blocks, unpowered buildings, or Contaminate may cause inaccurate times.
  • Supply counts are checked every 10 seconds.